 Dungeon Crawl Stone Soup version 0.29-a0-268-g5627465c62 (webtiles) character file.

Game seed: 1780507435772820818

15345 Ordine the Carver (level 12, -3/75 HPs)
             Began as a Tengu Warper on Mar 7, 2022.
             Was a High Priest of Okawaru.
             Slain by a cane toad (8 damage)
             ... on level 2 of the Lair of Beasts.
             The game lasted 00:44:28 (18359 turns).

Ordine the Carver (Tengu Warper)                   Turns: 18359, Time: 00:44:28

Health: -3/75      AC: 10    Str: 18    XL:     12   Next: 26%
Magic:  16/16      EV: 16    Int: 13    God:    Okawaru [*****.]
Gold:   494        SH:  6    Dex: 25    Spells: 15/15 levels left

rFire   . . .      SeeInvis .   a - +3 scimitar
rCold   . . .      Faith    .   M - +0 buckler
rNeg    . . .      Spirit   .   D - +2 scale mail of the Thunderstorm {+Blink rPois rCorr Stlth-}
rPois   +          Reflect  .   (helmet restricted)
rElec   .          Harm     .   (no cloak)
rCorr   +          Rampage  .   e - +0 pair of gloves
Will    .....                   (boots unavailable)
Stlth   ..........              (no amulet)
HPRegen 0.22/turn               k - +6 ring of dexterity
MPRegen 0.15/turn               i - +6 ring of strength

@: about to teleport, flying quickly and evasively, quick
A: beak, talons 3, nimble flight
a: Renounce Religion, Evoke Blink, Heroism, Finesse, Duel


You were on level 2 of the Lair of Beasts.
You worshipped Okawaru.
Okawaru was extremely pleased with you.
You visited 3 branches of the dungeon, and saw 13 of its levels.

You collected 971 gold pieces.
You spent 477 gold pieces at shops.

Inventory:

Hand Weapons
 a - a +3 scimitar (weapon)
 b - a +2 short sword of venom
 p - a +1 long sword of holy wrath
Missiles
 d - 3 boomerangs of dispersal
 m - 13 javelins
 o - 40 poisoned darts
 s - 2 curare-tipped darts (quivered)
 A - 12 boomerangs
 B - a throwing net
 N - 4 datura-tipped darts
 P - 6 silver javelins
 V - 2 atropa-tipped darts
Armour
 e - a +0 pair of gloves (worn)
 n - +0 steam dragon scales
 x - an orb of mayhem
 D - the +2 scale mail of the Thunderstorm (worn) {+Blink rPois rCorr Stlth-}
   (Okawaru gifted it to you on level 10 of the Dungeon)

   rPois:     It protects you from poison.
   +Blink:    It lets you blink.
   rCorr:     It protects you from acid and corrosion.
   Stlth:     It makes you less stealthy.
 M - a +0 buckler (worn)
Jewellery
 i - a +6 ring of strength (right hand)
 k - a +6 ring of dexterity (left hand)
 I - a ring of poison resistance
 J - a ring of protection from cold
 R - an amulet of magic regeneration
Wands
 r - a wand of paralysis (14)
 E - a wand of digging (1)
 L - a wand of mindburst (1)
 Q - a wand of flame (14)
 U - a wand of iceblast (6)
Scrolls
 c - 5 scrolls of blinking
 f - 9 scrolls of enchant weapon
 g - 2 scrolls of silence
 h - 8 scrolls of fear
 j - 5 scrolls of teleportation
 q - 2 scrolls of fog
 u - a scroll of immolation
 v - 3 scrolls of amnesia
 w - 2 scrolls of vulnerability
 y - 3 scrolls of magic mapping
 K - 2 scrolls of brand weapon
 S - a scroll of acquirement {unknown}
 W - a scroll of summoning
Potions
 l - 3 potions of might
 t - a potion of magic
 z - 3 potions of mutation
 C - 2 potions of curing
 F - a potion of haste {unknown}
 G - 3 potions of brilliance {unknown}
 H - a potion of cancellation {unknown}
 O - 2 potions of lignification {unknown}
 T - a potion of berserk rage {unknown}


   Skills:
 + Level 8.4 Fighting
 * Level 12.7 Long Blades
 + Level 7.6 Throwing
 + Level 6.1 Armour
 + Level 6.3 Dodging
 + Level 3.4 Shields
 - Level 2.0 Spellcasting
 - Level 2.4 Translocations
 + Level 4.9 Invocations
 + Level 5.1 Evocations


You had 15 spell levels left.
You didn't know any spells.
Your spell library contained the following spells:

 Spells                   Type           Power      Damage    Failure   Level
 Apportation              Tloc           14%        N/A       36%         1
 Blink                    Tloc           14%        N/A       50%         2
 Magic Dart               Conj           4%         1d3       67%         1
 Gell's Gravitas          Tloc           7%         N/A       73%         3
 Lesser Beckoning         Tloc           7%         N/A       73%         3
 Teleport Other           Tloc           7%         N/A       73%         3
 Searing Ray              Conj           2%         2d4       82%         2
 Fulminant Prism          Conj/Hex       0%         3d6       100%        4
 Alistair's Intoxication  Tmut/Pois      0%         N/A       100%        5
 Manifold Assault         Tloc           7%         N/A       100%        5
 Borgnjor's Revivificati  Necr           0%         N/A       100%        8
 Necromutation            Tmut/Necr      0%         N/A       100%        8
 Death's Door             Necr           0%         N/A       100%        9


Dungeon Overview and Level Annotations

Branches:
Dungeon (10/15)            Temple (1/1) D:5            Lair (2/6) D:9
    Orc (0/2) D:9
  Swamp: Lair:2-4    Shoals: Lair:2-4     Snake: Lair:2-4    Spider: Lair:2-4

Altars:
Ashenzari
Cheibriados
Dithmenos
Elyvilon
Fedhas
Gozag
Hepliaklqana
Kikubaaqudgha
Makhleb
Nemelex Xobeh
Okawaru
Qazlal
Ru
Sif Muna
Trog
Uskayaw
Vehumet
Wu Jian
Xom
Yredelemnul
Zin
The Shining One

Shops:
D:4 *=?((?


Innate Abilities, Weirdness & Mutations

You have a beak for a mouth.
You have claws for feet.
Your magical nature lets you fly swiftly and evasively.


Message History

You throw a curare-tipped dart.
The curare-tipped dart hits the four-headed hydra.
You throw a curare-tipped dart.
The curare-tipped dart barely misses the four-headed hydra.
The curare-tipped dart barely misses the blink frog.
You throw a curare-tipped dart.
The curare-tipped dart barely misses the four-headed hydra.
You throw a curare-tipped dart.
The curare-tipped dart hits the four-headed hydra.
The blink frog blinks! x2
A cane toad comes into view.
The cane toad gives a loud, deep croak!
The blink frog blinks!
The cane toad stings you! The cane toad closely misses you.
A cane toad comes into view.
Found 19 gold pieces.
The cane toad croaks.
You hear a croak.
The cane toad stings you! You block the cane toad's attack.
A cane toad comes into view.
The cane toad stings you!
* * * LOW HITPOINT WARNING * * *
You feel better.
The cane toad croaks.
You hear a croak.
A bullfrog comes into view.
The cane toad barely misses you. x2
A cane toad comes into view.
As you read the scroll of teleportation, it crumbles to dust.
You feel strangely unstable. The cane toad stings you!
* * * LOW HITPOINT WARNING * * *
You block the cane toad's attack.
Unknown command.
Blink to where?
Press: ? - help, Dir - move target, p - four-headed hydra
As you read the scroll of blinking, it crumbles to dust. 2 cane toads and a bullfrog come into view.
The cane toad croaks. x2; The bullfrog croaks.
The cane toad stings you!
You die...

### ## ######.#####
.####.#........#
...F...F....P#.#####
###.#F..DF......#..#
#####..F.........#
##.##.....#..##
#F####$##@F..# .F# #
#.F..## ... .F.#.##
.F# ##.# .# #^.# ##
.# ##


You could see 3 cane toads and 2 bullfrogs.

Vanquished Creatures
  2 two-headed ogres
  Urug (D:10)
  Sonja (D:10)
  A cyclops (D:7)
  An ugly thing (D:7)
  3 cane toads
  Maggie (D:10)
  2 komodo dragons
  A polar bear (Lair:1)
  2 trolls
  4 blink frogs (Lair:2)
  21 yaks
  3 basilisks
  3 wraiths
  Grum (D:10)
  4 wyverns
  A steam dragon (D:7)
  4 vampire mosquitoes (D:10)
  3 water moccasins
  2 orc warriors
  2 ice beasts
  A sky beast (D:7)
  A black bear (D:9)
  An ogre (D:4)
  3 wolves (D:10)
  6 centaurs
  5 kobold brigands
  6 bullfrogs
  A gnoll sergeant (D:9)
  A scorpion (D:7)
  2 wights (D:7)
  10 killer bees
  6 howler monkeys
  6 orc priests
  A hound (D:5)
  2 iguanas
  6 orc wizards
  Ijyb (D:3)
  12 gnolls
  10 adders
  3 white imps
  An ufetubus (D:5)
  2 worms
  30 orcs
  8 endoplasms
  6 giant cockroaches
  11 goblins
  8 hobgoblins
  2 jackals (D:2)
  26 kobolds
  2 quokkas
  13 ball pythons
  2 bats (D:1)
  A frilled lizard (D:1)
  10 rats
269 creatures vanquished.

Vanquished Creatures (others)
  2 fungi
  4 plants
6 creatures vanquished.

Grand Total: 275 creatures vanquished

Notes
Turn   | Place    | Note
-------+----------+-------------------------------------------
     0 | D:1      | Ordine the Tengu Warper began the quest for the Orb.
     0 | D:1      | Reached XP level 1. HP: 12/12 MP: 4/4
    89 | D:1      | Found a faded altar of an unknown god.
   491 | D:1      | Reached XP level 2. HP: 17/17 MP: 6/6
  1063 | D:1      | Reached skill level 3 in Long Blades
  1301 | D:2      | Reached XP level 3. HP: 22/22 MP: 7/7
  2399 | D:3      | Reached XP level 4. HP: 27/27 MP: 8/8
  2542 | D:3      | Noticed Ijyb
  2548 | D:3      | Paralysed by Ijyb for 3 turns
  2559 | D:3      | Paralysed by Ijyb for 4 turns
  2563 | D:3      | Killed Ijyb
  2564 | D:3      | Reached skill level 4 in Long Blades
  2957 | D:3      | Found an ornate altar of the Wu Jian Council.
  2961 | D:3      | Gained mutation: Your magical nature lets you fly swiftly
                  | and evasively. [Tengu growth]
  2961 | D:3      | Reached XP level 5. HP: 27/32 MP: 9/9
  3283 | D:3      | HP: 1/32 [gnoll/+0 club (5)]
  3842 | D:4      | Found Juyk's Magic Scroll Emporium.
  4007 | D:4      | Bought a scroll of identify for 28 gold pieces
  4007 | D:4      | Bought a scroll of teleportation for 42 gold pieces
  4007 | D:4      | Bought a scroll of fear for 49 gold pieces
  4039 | D:4      | Found Tofon's Weapon Shop.
  4082 | D:4      | Bought 4 poisoned darts for 17 gold pieces
  4101 | D:4      | Found Hywoik's Weapon Shoppe.
  4177 | D:4      | Bought 3 boomerangs for 19 gold pieces
  4194 | D:4      | Found a bloodstained altar of Trog.
  4194 | D:4      | Found a hide-covered altar of Uskayaw.
  4201 | D:4      | Found a radiant altar of Vehumet.
  4203 | D:4      | Found a sparkling altar of Nemelex Xobeh.
  4205 | D:4      | Found an iron altar of Okawaru.
  4208 | D:4      | Became a worshipper of Warmaster Okawaru
  4240 | D:4      | Found Fubagint's Jewellery Emporium.
  4247 | D:4      | Found Xoidat's Magic Scroll Shoppe.
  4302 | D:4      | Bought a scroll of noise for 14 gold pieces
  4328 | D:4      | Reached XP level 6. HP: 37/37 MP: 10/10
  4375 | D:4      | Found a shadowy altar of Dithmenos.
  4479 | D:4      | Reached skill level 5 in Long Blades
  5087 | D:4      | Found Xusimisch's Serpentskin Sales.
  5087 | D:4      | Noticed a water moccasin
  5092 | D:4      | Killed a water moccasin
  5186 | D:4      | Bought 2 poisoned darts for 10 gold pieces
  5186 | D:4      | Bought 2 poisoned darts for 10 gold pieces
  5218 | D:4      | Reached XP level 7. HP: 43/43 MP: 11/11
  5224 | D:4      | Reached * piety under Okawaru
  5225 | D:4      | Reached skill level 6 in Long Blades
  5514 | D:4      | Found a glowing silver altar of Zin.
  5590 | D:5      | Entered Level 5 of the Dungeon
  5814 | D:5      | Found a snail-covered altar of Cheibriados.
  6969 | D:5      | Found a staircase to the Ecumenical Temple.
  7004 | Temple   | Entered the Ecumenical Temple
  7179 | D:6      | Noticed a wraith
  7188 | D:6      | Killed a wraith
  7189 | D:6      | Reached skill level 7 in Long Blades
  7189 | D:6      | Reached XP level 8. HP: 24/48 MP: 12/12
  7426 | D:6      | Reached ** piety under Okawaru
  7427 | D:6      | Reached skill level 5 in Fighting
  7569 | D:6      | Found a stormy altar of Qazlal.
  8153 | D:6      | Found a shimmering altar of Xom.
  8571 | D:7      | Noticed a troll
  8579 | D:7      | Killed a troll
  8580 | D:7      | Reached skill level 8 in Long Blades
  8580 | D:7      | Reached skill level 5 in Throwing
  9109 | D:7      | Reached skill level 9 in Long Blades
  9109 | D:7      | Reached XP level 9. HP: 55/55 MP: 13/13
  9207 | D:7      | Reached *** piety under Okawaru
  9890 | D:7      | Noticed a cyclops
  9890 | D:7      | Noticed a purple ugly thing
 10051 | D:4      | Bought a ring of poison resistance for 260 gold pieces
 10081 | D:4      | Bought a scroll of identify for 28 gold pieces
 10336 | D:8      | Noticed a two-headed ogre
 10677 | D:8      | Reached skill level 1 in Invocations
 10677 | D:8      | Reached skill level 1 in Evocations
 10906 | D:8      | Reached skill level 10 in Long Blades
 11442 | D:8      | Killed a two-headed ogre
 11442 | D:8      | Reached **** piety under Okawaru
 11443 | D:8      | Reached XP level 10. HP: 35/61 MP: 14/14
 11782 | D:8      | Found a sacrificial altar of Ru.
 12206 | D:9      | Noticed a two-headed ogre
 12217 | D:9      | Killed a two-headed ogre
 12217 | D:9      | Reached ***** piety under Okawaru
 12217 | D:9      | Received a gift from Okawaru
 13071 | D:9      | Reached skill level 11 in Long Blades
 13317 | D:9      | Found a staircase to the Lair.
 13755 | D:9      | Found a staircase to the Orcish Mines.
 14027 | D:9      | Found an ancient bone altar of Kikubaaqudgha.
 14207 | D:10     | Entered Level 10 of the Dungeon
 14361 | D:10     | Received a gift from Okawaru
 14362 | D:10     | Reached XP level 11. HP: 56/67 MP: 15/15
 14368 | D:10     | Reached skill level 5 in Dodging
 14832 | D:10     | Noticed Sonja
 14837 | D:10     | Killed Sonja
 14838 | D:10     | Reached skill level 1 in Shields
 14840 | D:10     | Noticed Maggie
 14853 | D:10     | Killed Maggie
 14901 | D:10     | Identified the +2 scale mail of the Thunderstorm {+Blink
                  | rPois rCorr Stlth-} (Okawaru gifted it to you on level 10
                  | of the Dungeon)
 14901 | D:10     | Received a gift from Okawaru
 15050 | D:10     | Noticed Urug
 15062 | D:10     | Killed Urug
 15063 | D:10     | Reached skill level 5 in Armour
 15289 | D:10     | Noticed Grum
 15317 | D:10     | Killed Grum
 16054 | D:7      | Killed a cyclops
 16055 | D:7      | Reached skill level 12 in Long Blades
 16066 | D:7      | Killed a purple ugly thing
 16168 | Lair:1   | Entered Level 1 of the Lair of Beasts
 17518 | Lair:2   | Reached XP level 12. HP: 55/74 MP: 16/16
 17750 | Lair:2   | Received a gift from Okawaru
 17751 | Lair:2   | Reached skill level 5 in Evocations
 18318 | Lair:2   | Identified the +2 ring mail "Afofebb" {rElec rPois rF+}
                  | (Okawaru gifted it to you on level 2 of the Lair of Beasts)
 18318 | Lair:2   | Received a gift from Okawaru
 18321 | Lair:2   | Noticed a four-headed hydra
 18359 | Lair:2   | Slain by a cane toad

Illustrated notes

Levels and vault maps discovered:
D:1:      doesnt_arrival_eight_statues, layout_basic,
          ebering_ecumenical_altar_petrified
D:2:      layout_loops_corners
D:3:      kennysheep_the_goblin_king, layout_loops_cross,
          mainiacjoe_overflow_small_starburst
D:4:      minmay_thinvault, layout_rooms, zin_scriptorium,
          chequers_temple_overflow_minitemple, nicolae_dithmenos_the_darkroom,
          serial_shops, shop, nicolae_shop_crystal, nicolae_shop_crystal,
          nicolae_square_shop, nicolae_take_the_stairs, guppyfry_shop_venom
D:5:      layout_basic, slow_altar_1, minmay_temple_entry_mist
D:6:      layout_basic, marbit_many_paths, mainiacjoe_overflow_alcove_4,
          nicolae_elevator_lobby_asterisk
D:7:      kennysheep_spiral_hall, layout_basic, lightli_corner_chamber
D:8:      layout_basic, mainiacjoe_overflow_boulevard
D:9:      layout_rooms, kiku_gazebo_pond_becter, david_lair_generic,
          david_orc_3, minmay_fountain_box
D:10:     layout_roguey, serial_co_window_serial, co_window_corner_a,
          co_window_cross_1, co_window_paths_b, co_window_paths_a,
          co_window_corner_a, co_window_corner_b, co_window_broadway_b,
          co_window_corner_cb, glass_columns_a, grunt_ministairs_1,
          eino_curves_04, kennysheep_generic_room_11, uniq_grum, uniq_maggie,
          uniq_urug, uniq_sonja
Temple:   nicolae_temple_figure_zero
Lair:1:   layout_roguey
Lair:2:   layout_roguey, beast_lair_carwin_10, grunt_megastairs_1, uniq_erica

Skill      XL: |  1  2  3  4  5  6  7  8  9 10 11 12 |
---------------+-------------------------------------+-----
Long Blades    | 3 4 5 7 9 10 11 12 | 12.7
Throwing       | 2 3 4 5 6 7 |  7.6
Fighting       | 3 4 5 6 7 8 |  8.4
Invocations    | 2 3 4 |  4.9
Evocations     | 2 3 4 5 |  5.1
Armour         | 3 4 5 6 |  6.1
Dodging        | 3 4 6 |  6.3
Shields        | 2 3 |  3.4
Spellcasting   | |  2.0
Translocations | |  2.4

Action                   |  1- 3 |  4- 6 |  7- 9 | 10-12 || total
-------------------------+-------+-------+-------+-------++-------
Melee: Falchion          |    40 |       |       |       ||    40
       Peck              |    10 |    18 |    45 |    71 ||   144
       Kick              |    11 |    27 |    52 |   128 ||   218
       Long sword        |    45 |   106 |    86 |       ||   237
       Punch             |     1 |       |     2 |     2 ||     5
       Scimitar          |       |       |    90 |   340 ||   430
       Short sword       |       |       |     3 |       ||     3
Throw: Dart              |       |     3 |    10 |    21 ||    34
       Boomerang         |       |     2 |    11 |    22 ||    35
Invok: Heroism           |       |       |       |     3 ||     3
Evoke: Wand              |       |       |     1 |     3 ||     4
  Use: Scroll            |       |     4 |     9 |     6 ||    19
       Potion            |       |     1 |     1 |     3 ||     5
 Stab: Sleeping          |     1 |     2 |     1 |       ||     4
       Distracted        |       |       |     1 |       ||     1
Armor: Leather armour    |    22 |    22 |    21 |    16 ||    81
       Scale mail        |       |       |       |    55 ||    55
Dodge: Dodged            |    55 |    77 |   134 |   209 ||   475
Block: Buckler           |       |       |       |    50 ||    50

Table legend: (Time is in decaauts)
 A = Elapsed time spent in this place.
 B = Non-inter-level travel time spent in this place.
 C = Inter-level travel time spent in this place.
 D = Time resting spent in this place.
 E = Time spent auto-exploring this place.
 F = Levels seen in this place.
 G = Mean time per level.
                   A        B        C        D        E       F      G
               +--------+--------+--------+--------+--------+-----+--------+
         Total |  17608 |  16450 |   1158 |   1955 |  12294 |  13 | 1354.5 |
       Dungeon |  15509 |  14381 |   1128 |   1794 |  10742 |  10 | 1550.9 |
        Temple |    112 |    104 |      8 |      0 |    101 |   1 |  112.0 |
          Lair |   1986 |   1964 |     22 |    161 |   1450 |   2 |  993.0 |
               +--------+--------+--------+--------+--------+-----+--------+

Top non-repeatable levels by time:
     D:8: 2257 daAuts
     D:7: 1933 daAuts
     D:4: 1764 daAuts
    D:10: 1637 daAuts
     D:3: 1550 daAuts
     D:5: 1460 daAuts
     D:9: 1421 daAuts
  Lair:1: 1323 daAuts
     D:1: 1229 daAuts
     D:6: 1139 daAuts
     D:2: 1116 daAuts
  Lair:2: 662 daAuts
  Temple: 112 daAuts
